 Dungeon Crawl Stone Soup version 0.30-a0-40-gc6d0f036a7 (webtiles) character file.

Game seed: 6984479244421904438

31 ytrimaz the Insei (level 3, 23/23 HPs)
             Began as an Octopode Transmuter on Aug 29, 2022.
             Quit the game on level 2 of the Dungeon on Aug 30, 2022.
             The game lasted 00:06:14 (1614 turns).

ytrimaz the Insei (Octopode Transmuter)             Turns: 1614, Time: 00:06:14

Health: 23/23      AC:  1    Str:  9    XL:     3   Next: 22%
Magic:  6/6        EV: 13    Int: 17    God:
Gold:   133        SH:  0    Dex: 12    Spells: 0/6 levels left

rFire   . . .      SeeInvis .      - Unarmed
rCold   . . .      Faith    .    (no shield)
rNeg    . . .      Spirit   .    (helmet restricted)
rPois   .          Reflect  .    (no amulet)
rElec   .          Harm     .    (no ring)
rCorr   .          Rampage  .    (no ring)
Will    .....                    (no ring)
Stlth   ++........               (no ring)
HPRegen 0.07/turn                (no ring)
MPRegen 0.10/turn                (no ring)
                                 (no ring)
                                 (no ring)

@: no status effects
A: almost no armour, amphibious, 8 rings, camouflage 1, gelatinous body 1,
(nimble swimmer 1), tentacles
a: no special abilities


You were on level 2 of the Dungeon.
You visited 1 branch of the dungeon, and saw 2 of its levels.

You collected 133 gold pieces.

Inventory:

Scrolls
 b - a scroll of teleportation {unknown}
 c - a scroll of identify
 g - a scroll of magic mapping {unknown}
Potions
 a - a potion of lignification
 d - a potion of brilliance {unknown}
 e - 2 potions of heal wounds {unknown}
 f - 2 potions of haste {unknown}


   Skills:
 - Level 1.0 Fighting
 - Level 2.0 Dodging
 - Level 4.1 Unarmed Combat
 + Level 2.0 Spellcasting
 + Level 2.1 Transmutations
 * Level 0.5 Poison Magic


You couldn't memorise any spells.
You knew the following spells:

 Your Spells              Type           Power      Damage    Failure   Level
a - Beastly Appendage     Tmut           16%        N/A       9%          1
b - Wereblood             Tmut           8%         N/A       12%         2
c - Spider Form           Tmut/Pois      6%         N/A       32%         3

Your spell library contained the following spells:

 Spells                   Type           Power      Damage    Failure   Level
 Ice Form                 Ice/Tmut       5%         N/A       77%         4


Dungeon Overview and Level Annotations

Branches:
Dungeon (2/15)

Altars:

Shops:
D:1 :


Innate Abilities, Weirdness & Mutations

You cannot wear most types of armour.
You are amphibious.
You can wear up to eight rings at the same time.
Your skin changes colour to match your surroundings (Stealth+).
Your rubbery body absorbs attacks. (AC +1, EV +1)
((You are camouflaged when in or above water. (Stealth+)))
You have tentacles for arms and can constrict up to eight enemies at once.


Message History

You tentacle-slap the kobold but do no damage.
Your grab misses the kobold.
Your tentacle spike misses the kobold.
The kobold barely misses you.
You tentacle-slap the kobold.
You kill the kobold!
The kobold closely misses you.
You tentacle-slap the kobold. Your grab misses the kobold.
The kobold is severely wounded.
The kobold hits you with a +0 war axe!
You take 9 damage, and have 11/23 hp.
MASSIVE DAMAGE!!
You are too injured to fight recklessly!
Unknown command.
You closely miss the kobold. You grab the kobold.
You pierce the kobold.
You kill the kobold!
Your transformation is almost over.
The rat barely misses you.
MP restored: 6 You closely miss the rat.
You grab the rat.
You pierce the rat, but do no damage.
You constrict the rat, but do no damage.
The rat bites you.
You take 2 damage, and have 10/23 hp.
You barely miss the rat.
You pierce the rat, but do no damage.
You constrict the rat. The rat bites you but does no damage.
You tentacle-slap the rat.
You kill the rat!
You see here a +0 short sword.
Your tentacle spike disappears.
Key pressed, stopping explore.
HP restored.
f - 2 glowing silvery potions Health restored: 23
Found a stone staircase leading down.
g - a scroll labelled IRIOXTIDGHO
Found a faded altar of an unknown god.
A bat comes into view.
A bat is nearby!
A bat is nearby!
A bat is nearby!
Are you sure you want to abandon this character and quit the game? (Confirm with "yes".)

.#........###..###.##.#
.......(.......# #..#.#
...............###..#.#
####................#.#
#........###..##.#.#
##...)...# #..>....#
#...).#.###.....###
#............####
#.##.####..#@# #.##.#
#........#
#.##........#.#..#
#.######.... _. .# #.
...... .#. # ####...
..). #... .. .# #.##
##b.#


You could see a bat (asleep).

Vanquished Creatures
  A dart slug (D:1)
  4 ball pythons (D:1)
  5 bats (D:1)
  2 endoplasms (D:1)
  A giant cockroach (D:1)
  A goblin (D:2)
  3 hobgoblins (D:1)
  A frilled lizard (D:1)
  4 kobolds
  6 rats
28 creatures vanquished.

Notes
Turn   | Place    | Note
-------+----------+-------------------------------------------
     0 | D:1      | ytrimaz the Octopode Transmuter began the quest for the
                  | Orb.
     0 | D:1      | Reached XP level 1. HP: 13/13 MP: 3/3
   121 | D:1      | Found Ufonedd's Book Emporium.
   225 | D:1      | Reached XP level 2. HP: 2/18 MP: 3/5
   906 | D:1      | Reached skill level 4 in Unarmed Combat
   947 | D:1      | Reached XP level 3. HP: 23/23 MP: 6/6
   950 | D:1      | Learned a level 2 spell: Wereblood
   954 | D:1      | Learned a level 3 spell: Spider Form
  1612 | D:2      | Found a faded altar of an unknown god.
  1614 | D:2      | Quit the game

Illustrated notes

Levels and vault maps discovered:
D:1:      ncdulo_halloftheorcs, layout_basic, serial_shops, nicolae_square_shop,
          corexii_leaking_fountain
D:2:      minmay_evil_eye, layout_loops_ring, chequers_ecumenical_altar_simple

Skill      XL: |  1  2 |
---------------+-------+-----
Unarmed Combat | 4 |  4.1
Fighting       | |  1.0
Dodging        | |  2.0
Spellcasting   | |  2.0
Transmutations | |  2.1
Poison Magic   | |  0.5

Action                   || total
-------------------------++-------
Melee: Unarmed           ||    56
       Constrict         ||    18
       Tentacles         ||     8
       Kick              ||     8
 Cast: Beastly Appendage ||    12
  Use: Scroll            ||     2
 Stab: Sleeping          ||     5
Armor: Skin              ||    11
Dodge: Dodged            ||    33

Table legend: (Time is in decaauts)
 A = Elapsed time spent in this place.
 B = Non-inter-level travel time spent in this place.
 C = Inter-level travel time spent in this place.
 D = Time resting spent in this place.
 E = Time spent auto-exploring this place.
 F = Levels seen in this place.
 G = Mean time per level.
                   A        B        C        D        E       F      G
               +--------+--------+--------+--------+--------+-----+--------+
         Total |   1609 |   1595 |     14 |    255 |   1125 |   2 |  804.5 |
       Dungeon |   1609 |   1595 |     14 |    255 |   1125 |   2 |  804.5 |
               +--------+--------+--------+--------+--------+-----+--------+

Top non-repeatable levels by time:
     D:1: 1312 daAuts
     D:2: 297 daAuts
